 Dungeon Crawl Stone Soup version 0.28.0-53-g5a82cb258f (webtiles) character file.

Game seed: 14976102289637881875

153 diana the Insei (level 5, 0/34 HPs)
             Began as an Octopode Transmuter on June 4, 2022.
             Slain by a kobold brigand
             ... wielding a +0 dagger
              (6 damage)
             ... in a sewer.
             The game lasted 00:04:40 (2918 turns).

diana the Insei (Octopode Transmuter)               Turns: 2918, Time: 00:04:40

Health: 0/34       AC:  1    Str:  9    XL:     5   Next: 35%
Magic:  9/9        EV: 13    Int: 17    God:
Gold:   42         SH:  0    Dex: 13    Spells: 6/9 levels left

rFire   . . .      SeeInvis .     - Unarmed
rCold   . . .      Faith    .   (no shield)
rNeg    . . .      Spirit   .   (helmet currently unavailable)
rPois   .          Reflect  .   (no amulet)
rElec   .          Harm     .   (no ring)
rCorr   .          Rampage  .   (no ring)
Will    .....                   (no ring)
Stlth   +++.......              (no ring)
HPRegen 0.11/turn               (no ring)
MPRegen 0.11/turn               (no ring)
                                (no ring)
                                (no ring)

@: appendages
A: tentacle spike 3, almost no armour, amphibious, 8 rings, camouflage 1,
gelatinous body 1, nimble swimmer 1, tentacles
a: End Transformation


You were in a sewer.
One of your tentacles had grown a beastly spike.
You visited 1 branch of the dungeon, and saw 3 of its levels.
You also visited: Sewer.

You collected 42 gold pieces.

Inventory:

Scrolls
 a - 2 scrolls of magic mapping {unknown}
 d - a scroll of noise {unknown}
 g - a scroll of teleportation {unknown}
 h - a scroll of brand weapon {unknown}
 i - a scroll of silence {unknown}
 k - a scroll of enchant armour {unknown}
Potions
 b - a potion of might {unknown}
 c - a potion of haste {unknown}
 e - a potion of mutation {unknown}
 f - a potion of attraction {unknown}
 j - a potion of degeneration {unknown}
 l - a potion of invisibility {unknown}


   Skills:
 + Level 2.3 Fighting
 + Level 2.9 Dodging
 + Level 3.7 Unarmed Combat
 + Level 2.8 Spellcasting
 + Level 2.9 Transmutations


You had 6 spell levels left.
You knew the following spells:

 Your Spells              Type           Power      Damage    Failure   Level
a - Beastly Appendage     Tmut           24%        N/A       5%          1
b - Wereblood             Tmut           12%        N/A       8%          2

Your spell library contained the following spells:

 Spells                   Type           Power      Damage    Failure   Level
 Spider Form              Tmut/Pois      7%         N/A       28%         3
 Ice Form                 Ice/Tmut       7%         N/A       67%         4


Dungeon Overview and Level Annotations

Branches:
Dungeon (3/15)              Sewer (1/1)

Altars:
Xom

Shops:
D:1 [


Innate Abilities, Weirdness & Mutations

One of your tentacles has grown a beastly spike.
You cannot wear most types of armour.
You are amphibious.
You can wear up to eight rings at the same time.
Your skin changes colour to match your surroundings (Stealth+).
Your rubbery body absorbs attacks. (AC +1, EV +1)
You are camouflaged when in or above water. (Stealth+)
You have tentacles for arms and can constrict up to eight enemies at once.


Message History

You are no longer poisoned.
You start resting.
Your tentacle spike disappears.
HP restored.
Casting: Beastly Appendage (safe; 5% risk of failure)
Confirm with . or Enter, or press ? or * to list all spells.
One of your tentacles grows a vicious spike.
The helpless kobold brigand fails to defend itself.
You tentacle-slap the kobold brigand but do no damage.
Your grab misses the kobold brigand.
You pierce the kobold brigand.
The kobold brigand is lightly wounded.
The kobold brigand barely misses you.
You barely miss the kobold brigand. You grab the kobold brigand.
The kobold brigand is lightly wounded.
You constrict the kobold brigand.
The kobold brigand hits you with a +0 dagger!
You completely miss the kobold brigand.
You pierce the kobold brigand, but do no damage.
The kobold brigand is moderately wounded.
You constrict the kobold brigand, but do no damage.
The kobold brigand hits you with a +0 dagger.
You completely miss the kobold brigand.
You pierce the kobold brigand.
Your squeeze misses the kobold brigand.
The kobold brigand is moderately wounded.
You constrict the kobold brigand.
The kobold brigand hits you with a +0 dagger!
You barely miss the kobold brigand.
The kobold brigand is heavily wounded.
You constrict the kobold brigand.
The kobold brigand hits you with a +0 dagger.
* * * LOW HITPOINT WARNING * * *
You tentacle-slap the kobold brigand.
The kobold brigand is heavily wounded.
You constrict the kobold brigand.
The kobold brigand hits you but does no damage.
You barely miss the kobold brigand. You squeeze the kobold brigand.
The kobold brigand is almost dead.
You constrict the kobold brigand.
The kobold brigand hits you with a +0 dagger.
You die...

#≈≈ #.≈ #≈≈ #.≈
##### #≈.
≈.≈≈########.
#≈≈≈.≈.≈### #######
#≈≈≈.≈≈≈≈#
#K@≈≈≈###≈≈....≈≈##
#####≈≈≈≈≈####..≈.#
#.†≈≈≈##### ##≈≈≈.
####### ##≈.≈ #≈≈.
#.≈≈ #≈≈≈ #≈≈≈ ....


You could see a kobold brigand.

Vanquished Creatures
  A kobold brigand (Sewer)
  2 adders (Sewer)
  5 worms
  2 dart slugs
  3 endoplasms
  6 giant cockroaches
  3 goblins
  4 hobgoblins
  2 quokkas (D:1)
  4 ball pythons
  5 bats
  2 frilled lizards
  7 kobolds
  5 rats
51 creatures vanquished.

Vanquished Creatures (others)
  A bush (D:2)
  10 plants (D:2)
11 creatures vanquished.

Grand Total: 62 creatures vanquished

Notes
Turn   | Place    | Note
-------+----------+-------------------------------------------
     0 | D:1      | diana the Octopode Transmuter began the quest for the Orb.
     0 | D:1      | Reached XP level 1. HP: 13/13 MP: 3/3
   500 | D:1      | Found Wetesug's Antique Armour Shoppe.
   513 | D:1      | Reached XP level 2. HP: 17/18 MP: 3/5
  1073 | D:2      | Reached XP level 3. HP: 23/23 MP: 4/6
  1076 | D:2      | Learned a level 2 spell: Wereblood
  1872 | D:2      | Found a shimmering altar of Xom.
  2062 | D:2      | Found a faded altar of an unknown god.
  2315 | D:3      | Reached XP level 4. HP: 20/29 MP: 5/7
  2415 | D:3      | Found a glowing drain.
  2434 | Sewer    | Entered a sewer
  2620 | Sewer    | Noticed a kobold brigand
  2642 | Sewer    | Killed a kobold brigand
  2643 | Sewer    | Reached XP level 5. HP: 20/34 MP: 7/9
  2800 | Sewer    | Noticed a kobold brigand
  2918 | Sewer    | Slain by a kobold brigand

Illustrated notes

Levels and vault maps discovered:
D:1:      mrwooster_arrival_arrow, layout_rooms, serial_shops,
          nicolae_square_shop, minivault_26
D:2:      layout_rooms, serial_forest, infiniplex_forest_lined_2,
          infiniplex_forest_clump_double, infiniplex_forest_clump_curved,
          infiniplex_forest_pool, infiniplex_forest_clump_C, basic_altar,
          basic_ecumenical_altar
D:3:      layout_basic, slow_altar_1, tso_oasis_becter,
          cheibrodos_sewer_entry_drain, kennysheep_big_empty_room,
          grunt_ministairs_7
Sewer:    sewer_co_tree

Skill      XL: |  1  2  3  4 |
---------------+-------------+-----
Fighting       | 2 |  2.3
Dodging        | |  2.9
Unarmed Combat | |  3.7
Spellcasting   | |  2.8
Transmutations | |  2.9

Action                   |  1- 3 |  4- 6 || total
-------------------------+-------+-------++-------
Melee: Unarmed           |   214 |    33 ||   247
       Constrict         |    28 |     8 ||    36
       Tentacles         |    60 |     7 ||    67
       Kick              |    26 |    14 ||    40
       Punch             |     9 |       ||     9
 Cast: Beastly Appendage |    19 |     7 ||    26
       Wereblood         |     1 |       ||     1
 Stab: Sleeping          |     3 |     3 ||     6
Armor: Skin              |    13 |     3 ||    16
Dodge: Dodged            |    87 |    13 ||   100
